 Dungeon Crawl Stone Soup version 0.27-a0-1557-g57f10a385c (webtiles) character file.

Game seed: 5074598774794870209

147 Sin92 the Skirmisher (level 5, -1/47 HPs)
             Began as a Minotaur Fighter on July 15, 2021.
             Slain by Grinder (4 damage)
             ... while paralysed by Grinder
             ... on level 3 of the Dungeon.
             The game lasted 00:01:27 (2210 turns).

Sin92 the Skirmisher (Minotaur Fighter)             Turns: 2210, Time: 00:01:27

Health: -1/47      AC:  7    Str: 22    XL:     5   Next: 8%
Magic:  4/4        EV:  2    Int:  5    God:
Gold:   44         SH:  0    Dex:  9    Spells: 4/4 levels left

rFire    . . .     SeeInvis .   a - +0 war axe
rCold    . . .     Faith    .   c - +0 kite shield
rNeg     . . .     Spirit   .   b - +0 scale mail
rPois    .         Reflect  .   (helmet restricted)
rElec    .         Harm     .   (no cloak)
rCorr    .         Rampage  .   (no gloves)
Will     .....                  (no boots)
Stlth    ..........             (no amulet)
HPRegen  0.15/turn              (no ring)
MPRegen  0.09/turn              (no ring)

@: paralysed
A: horns 2, retaliatory headbutt
a: no special abilities


You were on level 3 of the Dungeon.
You visited 1 branch of the dungeon, and saw 3 of its levels.

You collected 44 gold pieces.

Inventory:

Hand Weapons
 a - a +0 war axe (weapon)
Armour
 b - a +0 scale mail (worn)
 c - a +0 kite shield (worn)
Scrolls
 e - a scroll of noise {unknown}
 f - a scroll of torment {unknown}
 g - a scroll of enchant armour {unknown}
 j - a scroll of acquirement {unknown}
 l - a scroll of immolation {unknown}
 m - a scroll of fear {unknown}
 o - a scroll of teleportation {unknown}
Potions
 d - a potion of might
 h - 3 potions of lignification {unknown}
 i - a potion of brilliance {unknown}
 k - a potion of magic {unknown}
 n - a potion of curing {unknown}


   Skills:
 + Level 4.4 Fighting
 * Level 4.2 Axes
 + Level 4.2 Armour
 + Level 1.9 Dodging
 + Level 4.3 Shields


You had 4 spell levels left.
You didn't know any spells.
Your spell library was empty.

Dungeon Overview and Level Annotations

Branches:
Dungeon (3/15)

Altars:
Yredelemnul

Shops:
D:1 ?   D:3 =

Annotations:
D:3 Grinder, Terence


Innate Abilities, Weirdness & Mutations

You have a pair of horns on your head.
You reflexively headbutt those who attack you in melee.


Message History

Grinder shouts!
You block Terence's attack.
Unknown command.
There are monsters nearby!
You closely miss Terence. You headbutt Terence, but do no damage.
Grinder drinks a potion.
Grinder seems to speed up.
You block Terence's attack.
Terence says, "You're history."
Terence hits you with a +0 flail!
Unknown command.
There are monsters nearby!
You hit Terence but do no damage.
Grinder blinks!
You block Terence's attack.
Unknown command.
There are monsters nearby!
You hit Terence but do no damage. Your headbutt misses Terence.
You block Terence's attack. Terence hits you but does no damage.
Grinder blinks!
There are monsters nearby!
Unknown command.
You completely miss Terence. You block Terence's attack. Grinder hits you.
You writhe in agony.
There are monsters nearby!
Unknown command.
You barely miss Grinder. Your headbutt misses Grinder.
You hit Terence but do no damage. You block Grinder's attack.
Terence closely misses you. Grinder hits you but does no damage.
You block Terence's attack.
There are monsters nearby!
You closely miss Grinder. You headbutt Grinder.
Grinder is lightly wounded.
You hit Terence. Grinder gestures at you.
You suddenly lose the ability to move!
Grinder hits you.
You writhe in agony.
Terence hits you with a +0 flail! Grinder hits you.
You writhe in agony.
* * * LOW HITPOINT WARNING * * *
Terence hits you with a +0 flail!
* * * LOW HITPOINT WARNING * * *
Grinder hits you but does no damage. Grinder hits you.
You die...

...# #.#.##.## ##..
##.###.#.#...# #..
.......#...#.# #.#
##.#####.#...# #.# #.#
#.#.#.## #.# #.#
#.#....### #.# #.#
#....#...## # #.#
#.#######......(###....
..#
#........#....5@@...#
##
#########.†.....#####
#.#....## #)#.#.##
#.#.#.#
##########.#.#.##
..................
##############.##.


You could see Grinder (fast) and Terence.

Vanquished Creatures
  A centaur zombie (D:3)
  A scorpion zombie (D:3)
  An adder (D:3)
  An adder skeleton (D:2)
  2 adder zombies (D:3)
  3 worms
  An orc (D:3)
  8 endoplasms
  3 hobgoblins
  12 jackals
  3 kobolds
  3 quokkas
  2 ball pythons
  3 bats
  2 frilled lizards
  8 goblins
  4 rats
58 creatures vanquished.

Notes
Turn   | Place    | Note
-------+----------+-------------------------------------------
     0 | D:1      | Sin92 the Minotaur Fighter began the quest for the Orb.
     0 | D:1      | Reached XP level 1. HP: 19/19 MP: 0/0
   350 | D:1      | Found a faded altar of an unknown god.
   370 | D:1      | Reached XP level 2. HP: 27/27 MP: 1/1
   726 | D:1      | Found Ilicacsa's Magic Scroll Shoppe.
  1034 | D:2      | Reached skill level 1 in Dodging
  1088 | D:2      | Reached XP level 3. HP: 31/33 MP: 2/2
  1734 | D:3      | Found a basalt altar of Yredelemnul.
  1741 | D:3      | Reached XP level 4. HP: 38/40 MP: 3/3
  1945 | D:3      | Reached XP level 5. HP: 47/47 MP: 4/4
  2002 | D:3      | Found Togutsu's Jewellery Emporium.
  2199 | D:3      | Noticed Terence
  2201 | D:3      | Noticed Grinder
  2208 | D:3      | Paralysed by Grinder for 5 turns
  2210 | D:3      | Slain by Grinder

Illustrated notes

Levels and vault maps discovered:
D:1:      psy_arrival_spokes, layout_loops_cross, ebering_ecumenical_altar_rust,
          serial_shops, shop, roderic_roman_lattice
D:2:      layout_basic
D:3:      layout_loops_ring, nicolae_yredelemnul_corpse_copse, serial_shops,
          nicolae_shop_stone, uniq_grinder, uniq_terence

Skill      XL: |  1  2  3  4 |
---------------+-------------+-----
Axes           | 3 4 |  4.2
Dodging        | 1 |  1.9
Shields        | 4 |  4.3
Fighting       | 4 |  4.4
Armour         | 4 |  4.2

Action                   |  1- 3 |  4- 6 || total
-------------------------+-------+-------++-------
Melee: War axe           |    99 |    46 ||   145
       Headbutt          |    12 |     4 ||    16
Armor: Scale mail        |    52 |    18 ||    70
Dodge: Dodged            |    34 |    17 ||    51
Block: Kite shield       |    61 |    28 ||    89

Table legend: (Time is in decaauts)
 A = Elapsed time spent in this place.
 B = Non-inter-level travel time spent in this place.
 C = Inter-level travel time spent in this place.
 D = Time resting spent in this place.
 E = Time spent auto-exploring this place.
 F = Levels seen in this place.
 G = Mean time per level.
                   A        B        C        D        E       F      G
               +--------+--------+--------+--------+--------+-----+--------+
         Total |   2291 |   2253 |     38 |      0 |   1885 |   3 |  763.7 |
       Dungeon |   2291 |   2253 |     38 |      0 |   1885 |   3 |  763.7 |
               +--------+--------+--------+--------+--------+-----+--------+

Top non-repeatable levels by time:
     D:1: 1019 daAuts
     D:2: 751 daAuts
     D:3: 520 daAuts
